 Dungeon Crawl Stone Soup version 0.31-a0-1074-g0b22e4e0f1 (webtiles) character file.

Game seed: 2926662019299741240

2 sammy202020 the Shield-Bearer (level 1, 0/20 HPs)
             Began as a Minotaur Fighter on Nov 27, 2023.
             Succumbed to a goblin's poison
             ... on level 1 of the Dungeon.
             The game lasted 00:00:21 (82 turns).

sammy202020 the Shield-Bearer (Minotaur Fighter)      Turns: 82, Time: 00:00:22

Health: 0/20       AC:  4    Str: 20    XL:     1   Next: 33%
Magic:  0/0        EV: 10    Int:  5    God:
Gold:   0          SH:  4    Dex:  9    Spells: 0/0 levels left

rFire   . . .        a - +0 war axe
rCold   . . .        c - +0 buckler
rNeg    . . .        e - +1 leather armour {rPois}
rPois   +            (helmet restricted)
rElec   .            (no cloak)
rCorr   .            (no gloves)
SInv    .            (no boots)
Will    .....        (no amulet)
Stlth   +            (no ring)
HPRegen 0.23/turn    (no ring)
MPRegen 0.07/turn

%: no passive effects
@: lethally poisoned (0 -> -10)
A: horns 2, retaliatory headbutt
a: no special abilities


You were on level 1 of the Dungeon.
You visited 1 branch of the dungeon, and saw 1 of its levels.

Inventory:

Hand Weapons
 a - a +0 war axe (weapon)
Armour
 b - a +0 scale mail
 c - a +0 buckler (worn)
 e - a +1 leather armour of poison resistance (worn)
Potions
 d - a potion of might


   Skills:
 * Level 3.6 Fighting
 * Level 2.5 Axes
 * Level 3.6 Armour
 + Level 0.0 Dodging
 * Level 3.7 Shields


You couldn't memorise any spells.
You didn't know any spells.
Your spell library was empty.

Dungeon Overview and Level Annotations

Branches:
Dungeon (1/15)

Altars:


Innate Abilities, Weirdness & Mutations

You have a pair of horns on your head.
You reflexively headbutt those who attack you in melee.


Message History

The quokka closely misses you.
You barely miss the quokka.
A ball python comes into view.
The quokka bites you but does no damage.
The goblin hits you but does no damage.
You are poisoned.
You closely miss the goblin. You barely miss the quokka.
You feel very sick.
The ball python hisses angrily.
The quokka bites you but does no damage.
The goblin closely misses you. The quokka closely misses you.
You furiously retaliate!
You headbutt the quokka. You barely miss the quokka.
The quokka is almost dead.
You hit the goblin.
You feel sick. The quokka bites you.
The goblin hits you with a +0 dagger of venom.
The quokka closely misses you.
You barely miss the quokka.
The quokka is almost dead.
You hit the goblin.
You feel sick. The goblin hits you but does no damage.
You are lethally poisoned!
You block the quokka's attack. The goblin barely misses you.
You closely miss the quokka. Your headbutt misses the quokka.
The quokka is almost dead.
You barely miss the goblin. You closely miss the ball python.
* * * LOW HITPOINT WARNING * * *
You feel very sick. The quokka bites you.
* * * LOW HITPOINT WARNING * * *
The goblin barely misses you. You furiously retaliate!
You headbutt the goblin!
You kill the goblin!
The ball python closely misses you. You furiously retaliate!
You headbutt the ball python.
You kill the ball python!
The quokka bites you but does no damage.
Okay, then.
You slash the ball python!
You kill the ball python!
You hit the quokka but do no damage.
You die...

...... ......
#....?. .......
..... . #.# S..
... #.#
####)#)>..? #.#
#..@r..#
#.#####'##.###
#.##.....#...
#.##.....#####
#.##.....#
#†##.....#
#...###'#######
#...'.........#
#...###.#####.#


You could see a quokka and a ball python.

Vanquished Creatures
  A goblin (D:1)
  2 ball pythons (D:1)
  A rat (D:1)
4 creatures vanquished.

Notes
Turn   | Place    | Note
-------+----------+-------------------------------------------
     0 | D:1      | sammy202020 the Minotaur Fighter began the quest for the
                  | Orb.
     0 | D:1      | Reached XP level 1. HP: 19/19 MP: 0/0
    82 | D:1      | Succumbed to a goblin's poison

Illustrated notes

Levels and vault maps discovered:
D:1:      nicolae_arrival_memento_mori, layout_basic

Action                     || total
---------------------------++-------
  Melee: War axe           ||     8
 Armour: Leather armour    ||     8
  Dodge: Dodged            ||     8
  Block: Buckler           ||     1

Table legend: (Time is in decaauts)
 A = Elapsed time spent in this place.
 B = Non-inter-level travel time spent in this place.
 C = Inter-level travel time spent in this place.
 D = Time resting spent in this place.
 E = Time spent auto-exploring this place.
 F = Levels seen in this place.
 G = Mean time per level.
                   A        B        C        D        E       F      G
               +--------+--------+--------+--------+--------+-----+--------+
         Total |     84 |     84 |      0 |      0 |     41 |   1 |   84.0 |
       Dungeon |     84 |     84 |      0 |      0 |     41 |   1 |   84.0 |
               +--------+--------+--------+--------+--------+-----+--------+

Top non-repeatable levels by time:
     D:1: 84 daAuts
